 Dungeon Crawl Stone Soup version 0.23-a0-143-g1adec7b (webtiles) character file.

70 Amnesiac the Chiller (level 4, 0/30 HPs)
             Began as a Mummy Ice Elementalist on Sept 1, 2018.
             Slain by an adder (4 damage)
             ... on level 3 of the Dungeon.
             The game lasted 00:02:43 (1129 turns).

Amnesiac the Chiller (Mummy Ice Elementalist)       Turns: 1129, Time: 00:02:44

Health: 0/30       AC:  4    Str: 11    XL:     4   Next: 4%
Magic:  0/9        EV: 12    Int: 15    God:
Gold:   44         SH:  0    Dex: 12    Spells: 2/10 levels left

rFire    x . .     SeeInvis .   c - +2 dagger (vamp)
rCold    + . .     Gourm    .   (no shield)
rNeg     + + +     Faith    .   e - +2 robe
rPois    ∞         Spirit   +   (no helmet)
rElec    .         Reflect  .   b - scarf {Spirit}
rCorr    .         Harm     .   (no gloves)
MR       .....                  (no boots)
Stlth    ++........             (no amulet)
HPRegen  0.10/turn              (no ring)
MPRegen  0.11/turn              (no ring)

@: no status effects
A: no food or potions, fire vulnerability, cold resistance 1, negative energy
resistance 3, torment resistance, unbreathing
a: no special abilities


You were on level 3 of the Dungeon.
You were not hungry.

You visited 1 branch of the dungeon, and saw 4 of its levels.

You collected 44 gold pieces.

Inventory:

Hand Weapons
 c - a +2 vampiric dagger (weapon)
Armour
 b - a scarf of spirit shield (worn)
 e - a +2 robe (worn)


   Skills:
 - Level 1.5 Dodging
 - Level 1.5 Stealth
 + Level 3.5 Spellcasting
   Level 0.7 Conjurations
 * Level 3.7 Ice Magic


You had 2 spell levels left.
You knew the following spells:

 Your Spells              Type           Power        Failure   Level  Hunger
a - Freeze                Ice            ##..         4%          1    N/A
b - Summon Ice Beast      Ice/Summ       #.......     65%         4    N/A
z - Ozocubu's Armour      Chrm/Ice       #.......     26%         3    N/A

Your spell library contained the following spells:

 Spells                   Type           Power        Failure   Level  Hunger
 Throw Frost              Conj/Ice       #.....       12%         2    N/A
 Throw Icicle             Conj/Ice       #.......     58%         4    N/A

Dungeon Overview and Level Annotations

Branches:
Dungeon (4/15)
 Temple: D:4-7

Altars:


Innate Abilities, Weirdness & Mutations

You do not eat or drink.
Your flesh is vulnerable to fire.
You are immune to poison.
Your flesh is cold resistant. (rC+)
You are immune to negative energy. (rN+++)
You are immune to unholy pain and torment.
You can survive without breathing.


Message History

The orc shouts!
An orc comes into view.
There is a stone staircase leading up here.
The orc wizard points at you and mumbles some strange words.
The magic dart hits you!
Casting: Freeze (safe; 4% risk of failure)
Confirm with . or Enter, or press ? or * to list all spells.
Aiming: Freeze (safe; 4% risk of failure)
Press: ? - help, Shift-Dir - straight line, f - orc wizard
Aim: an orc wizard, wielding a dagger and wearing a robe You freeze the orc wizard.
The orc wizard is heavily wounded.
The orc shouts!
The orc hits you with a morningstar of protection!
* * * LOW HITPOINT WARNING * * *
The orc wizard hits you with a dagger.
* * * LOW HITPOINT WARNING * * *
Casting: Freeze (safe; 4% risk of failure)
Confirm with . or Enter, or press ? or * to list all spells.
Aiming: Freeze (safe; 4% risk of failure)
Press: ? - help, Shift-Dir - straight line, f/p - orc wizard
Aim: an orc wizard, wielding a dagger and wearing a robe (heavily wounded)
You freeze the orc wizard.
The orc wizard is heavily wounded.
The orc wizard hits you with a dagger.
* * * LOW HITPOINT WARNING * * *
Unknown command.
The orc hits you with a morningstar of protection!
* * * LOW HITPOINT WARNING * * *
The orc wizard gestures at you while chanting.
You resist with some effort.
There is a stone staircase leading up here.
You climb upwards. 2 adders and a rat come into view.
Found a robe and a flail.
There is a stone staircase leading down here.
Really read
d - a scroll labeled OCOH TARENLYNKA {!r}?
As you read the scroll labeled OCOH TARENLYNKA {!r}, it crumbles to dust.
It is a scroll of identify.
You don't have any unidentified items.
The adder hisses angrily.
Casting: Freeze (safe; 4% risk of failure)
Confirm with . or Enter, or press ? or * to list all spells.
Aiming: Freeze (safe; 4% risk of failure)
Press: ? - help, Shift-Dir - straight line, f - adder
Aim: an adder You freeze the adder.
The adder is lightly wounded.
The adder bites you.
* * * LOW HITPOINT WARNING * * *
The rat bites you but does no damage.
Unknown command.
The rat barely misses you. The rat barely misses you.
The adder bites you but does no damage. The adder barely misses you.
The rat barely misses you. The adder barely misses you.
The adder closely misses you. The adder misses you. The adder bites you.
* * * LOW HITPOINT WARNING * * *
Casting: Freeze (safe; 4% risk of failure)
Confirm with . or Enter, or press ? or * to list all spells.
You don't have enough magic to cast that spell.
You hit the adder but do no damage. The adder bites you.
You die...

###.## .#
#..##.##...
#........#
#........#
#........#
#........#
#.........#####
#.............#
#........## #@#
##########
#S#######
#Sr.....#
#.......#
#..[....#
#....>..#
#.......#
#.).....#
#.......#


You could see 2 adders and a rat.

Vanquished Creatures
  Jessica (D:3)
  2 adders
  An ooze (D:1)
  2 leopard geckos (D:2)
  2 giant cockroaches
  5 hobgoblins
  2 kobolds
  A quokka (D:2)
  3 goblins
  A rat (D:1)
20 creatures vanquished.

Notes
Turn   | Place    | Note
-------+----------+-------------------------------------------
     0 | D:1      | Amnesiac the Mummy Ice Elementalist began the quest for the
                  | Orb.
     0 | D:1      | Reached XP level 1. HP: 13/13 MP: 4/4
   178 | D:1      | Reached XP level 2. HP: 19/19 MP: 3/5
   752 | D:2      | Reached XP level 3. HP: 7/24 MP: 0/7
   966 | D:2      | Learned a level 3 spell: Ozocubu's Armour
  1035 | D:3      | Noticed Jessica
  1051 | D:3      | Killed Jessica
  1051 | D:3      | Reached XP level 4. HP: 23/30 MP: 1/9
  1096 | D:3      | Learned a level 4 spell: Summon Ice Beast
  1129 | D:3      | Slain by an adder

Vault maps used:
D:1:      minmay_arrival_plants_in_alcoves
D:2:      grunt_dithmenos_smoke_and_mirrors, minmay_pentomino_v2
D:3:      cheibrodos_old_hovel, overflow_temple_1_default,
          lemuel_zombie_altar_yredelemnul, uniq_crazy_yiuf_cottage, uniq_jessica
D:4:      dk_vineyard_3, vehumet_altar_wand_db

Skill      XL: |  1  2 |
---------------+-------+-----
Ice Magic      | 3 |  3.7
Spellcasting   | 3 |  3.5
Dodging        | |  1.5
Stealth        | |  1.5
Conjurations   | |  0.7

Action                   |  1- 3 |  4- 6 || total
-------------------------+-------+-------++-------
Melee: Unarmed           |    12 |       ||    12
       Dagger            |    13 |     1 ||    14
 Cast: Freeze            |    31 |     4 ||    35
  Use: Scroll            |       |     1 ||     1
 Stab: Sleeping          |     3 |       ||     3
Armor: Robe              |     1 |     2 ||     3
Dodge: Dodged            |    29 |     7 ||    36

Table legend:
 A = Non-vault XP
 B = Vault XP
 C = Vault XP percentage of total XP
 D = Non-vault monster count
 E = Vault monster count
 F = Vault count percentage of total count
                 A         B        C        D         E       F
            +---------+---------+-------+---------+---------+-------
      Total |      64 |      37 |  36.6 |      19 |       1 |   5.0
            +---------+---------+-------+---------+---------+-------
        D:1 |      17 |       0 |   0.0 |       7 |       0 |   0.0
        D:2 |      28 |       0 |   0.0 |       8 |       0 |   0.0
        D:3 |      19 |      37 |  66.1 |       4 |       1 |  20.0
            +---------+---------+-------+---------+---------+-------
